 Dungeon Crawl Stone Soup version 0.21.1-1-g345015f (webtiles) character file.

966 riteheju the Charmwright (level 8, -4/63 HPs)
             Began as a Gnoll Skald on Feb 6, 2018.
             Killed by nerve-wracking pain
             ... invoked by Menkaure
              (7 damage)
             ... on level 5 of the Dungeon.
             The game lasted 00:31:51 (4648 turns).

riteheju the Charmwright (Gnoll Skald)              Turns: 4648, Time: 00:31:52

Health: -4/63      AC:  9    Str: 15    XL:     8   Next: 15%
Magic:  16/16      EV: 13    Int: 17    God:
Gold:   307        SH:  0    Dex: 14    Spells: 13/18 levels left

rFire    . . .     SeeInvis +   r - +1 spear (venom)
rCold    . . .     Gourm    .   (no shield)
rNeg     + . .     Faith    .   q - +0 ring mail
rPois    .         Spirit   .   (no helmet)
rElec    .         Reflect  .   t - +0 cloak
rCorr    .         Harm     .   p - +0 pair of gloves
MR       .....                  x - +0 pair of boots
Stlth    ++........             (no amulet)
HPRegen  0.20/turn              h - ring of positive energy
MPRegen  0.15/turn              b - ring of see invisible

@: infused
A: distributed training, fangs 1, strong nose
a: no special abilities


You were on level 5 of the Dungeon.
You were not hungry.

You visited 1 branch of the dungeon, and saw 5 of its levels.

You collected 307 gold pieces.

Inventory:

Hand Weapons
 a - a +0 falchion
 g - a +0 dagger
 r - a +1 spear of venom (weapon)
Armour
 p - a +0 pair of gloves (worn)
 q - a +0 ring mail (worn)
 t - a +0 cloak (worn)
 x - a +0 pair of boots (worn)
Jewellery
 b - a ring of see invisible (right hand)
 h - a ring of positive energy (left hand)
 o - an uncursed ring of protection from fire
 z - an uncursed ring of positive energy
Wands
 y - a wand of polymorph (5)
Scrolls
 i - a scroll of fog {unknown}
 j - 4 scrolls of identify
 k - 5 scrolls of teleportation {unknown}
 n - a scroll of fear {unknown}
 s - 2 scrolls of remove curse {unknown}
 v - a scroll of enchant weapon {unknown}
 E - 2 scrolls of immolation {unknown}
Potions
 e - 5 potions of curing
 f - 2 potions of haste {unknown}
 l - a potion of lignification {unknown}
 m - a potion of might {unknown}
 u - a potion of flight {unknown}
 w - a potion of magic {unknown}
 A - 2 potions of agility {unknown}
 D - a potion of cancellation {unknown}
Books
 c - a book of Battle

   Spells                             Type                      Level
   a - Infusion                       Charms                       1
   b - Shroud of Golubria             Charms/Translocation         2
   c - Song of Slaying                Charms                       2
   d - Spectral Weapon                Hexes/Charms                 3
   e - Regeneration                   Charms/Necromancy            3
 B - a book of Misfortune

   Spells                             Type                      Level
   a - Confusing Touch                Hexes                        1
   b - Confuse                        Hexes                        3
   c - Gell's Gravitas                Translocation                3
   d - Petrify                        Transmutation/Earth          4
   e - Metabolic Englaciation         Hexes/Ice                    5
   f - Yara's Violent Unravelling     Hexes/Transmutation          5
Comestibles
 d - 9 rations


   Skills:
 + Level 5.5 Fighting
 + Level 2.9 Short Blades
 + Level 5.5 Long Blades
 + Level 2.9 Axes
 + Level 2.9 Maces & Flails
 + Level 2.9 Polearms
 + Level 2.9 Staves
 + Level 2.9 Slings
 + Level 2.9 Bows
 + Level 2.9 Crossbows
 + Level 2.9 Throwing
 + Level 4.0 Armour
 + Level 5.5 Dodging
 + Level 2.9 Stealth
 + Level 2.9 Shields
 + Level 2.9 Unarmed Combat
 + Level 5.8 Spellcasting
 + Level 2.3 Conjurations
 + Level 2.3 Hexes
 + Level 6.0 Charms
 + Level 2.3 Summonings
 + Level 2.3 Necromancy
 + Level 2.3 Translocations
 + Level 2.3 Transmutations
 + Level 2.3 Fire Magic
 + Level 2.3 Ice Magic
 + Level 2.3 Air Magic
 + Level 2.3 Earth Magic
 + Level 2.3 Poison Magic
 + Level 3.2 Invocations
 + Level 2.9 Evocations


You had 13 spell levels left.
You knew the following spells:

 Your Spells              Type           Power        Failure   Level  Hunger
a - Infusion              Chrm           ####         1%          1    None
b - Song of Slaying       Chrm           ####....     3%          2    #......
c - Shroud of Golubria    Chrm/Tloc      ###.......   6%          2    #......


Dungeon Overview and Level Annotations

Branches:
Dungeon (5/15)
 Temple: D:4-7

Altars:
Wu Jian

Shops:
D:4 %

Annotations:
D:5 Menkaure


Innate Abilities, Weirdness & Mutations

Your experience applies equally to all skills.
You have very sharp teeth.
Your uncanny sense of smell can sniff out nearby items.


Message History

Menkaure is heavily damaged.
Menkaure hits you!
* * * LOW HITPOINT WARNING * * *
Menkaure closely misses you.
Aiming: Polymorph
Press: ? - help, Shift-Dir - straight line, f - Menkaure
Aim: Menkaure (heavily damaged, fast, chance to defeat MR: 54%) Menkaure is unaffected.
Menkaure hits you!
* * * LOW HITPOINT WARNING * * *
You feel better.
Menkaure gestures at you while chanting.
Pain shoots through your body!
* * * LOW HITPOINT WARNING * * *
Menkaure calls on the powers of darkness!
You feel a surge of unholy energy.
Menkaure calls on the powers of darkness!
The scorpion convulses!
You feel a surge of unholy energy.
Menkaure points at you and mumbles some strange words.
Pain shoots through your body!
You die...

## #########≈≈#≈≈≈
#...#..#≈≈≈≈≈.. ########.#
#.....#.≈≈≈#)≈. .........#
#...###≈≈≈≈≈≈≈. #...#####
#...##≈≈≈≈≈≈≈≈. #...#
#..s..≈≈≈≈≈#≈.. #...#
#...#..≈≈≈≈≈≈.< #...#
############M..##≈#≈≈≈≈≈.[ #...#
#........@.....##≈≈≈≈≈#≈#. #...#
#..............###≈≈≈≈≈≈..
#...####..................≈≈≈≈≈.$
#.....................##.#≈≈≈≈≈..
....................#######≈≈#≈≈#
####.......########## ##.≈≈≈≈ #
#.......# ##≈≈. ####.......# ∆
##. ...........#


You could see Menkaure.

Vanquished Creatures
  A phantom (D:4)
  4 ogres
  2 scorpions
  A hound (D:4)
  An orc priest (D:4)
  2 bullfrog skeletons
  2 orc wizards (D:4)
  3 worker ants (D:4)
  5 gnolls
  6 adders
  An ooze (D:2)
  2 adder skeletons
  A worm (D:3)
  6 dart slugs (D:5)
  A leopard gecko (D:2)
  3 orcs
  4 giant cockroaches
  9 goblins
  10 hobgoblins
  8 jackals
  A quokka (D:2)
  8 bats
  7 frilled lizards
  6 kobolds
  7 rats
101 creatures vanquished.

Notes
Turn   | Place    | Note
-------+----------+-------------------------------------------
     0 | D:1      | riteheju the Gnoll Skald began the quest for the Orb.
     0 | D:1      | Reached XP level 1. HP: 20/20 MP: 6/6
   349 | D:1      | Reached XP level 2. HP: 23/26 MP: 7/7
   668 | D:1      | Reached XP level 3. HP: 25/31 MP: 9/9
   894 | D:1      | Reached skill level 5 in Spellcasting
  1326 | D:2      | Reached skill level 1 in Invocations
  1491 | D:2      | Reached skill level 1 in Short Blades
  1491 | D:2      | Reached skill level 1 in Axes
  1491 | D:2      | Reached skill level 1 in Maces & Flails
  1491 | D:2      | Reached skill level 1 in Polearms
  1491 | D:2      | Reached skill level 1 in Staves
  1491 | D:2      | Reached skill level 1 in Slings
  1491 | D:2      | Reached skill level 1 in Bows
  1491 | D:2      | Reached skill level 1 in Crossbows
  1491 | D:2      | Reached skill level 1 in Throwing
  1491 | D:2      | Reached skill level 1 in Stealth
  1491 | D:2      | Reached skill level 1 in Shields
  1491 | D:2      | Reached skill level 1 in Unarmed Combat
  1491 | D:2      | Reached skill level 1 in Evocations
  1491 | D:2      | Reached XP level 4. HP: 32/38 MP: 11/11
  1631 | D:2      | Found a faded altar of an unknown god.
  2360 | D:3      | Found an ornate altar of the Wu Jian Council.
  2399 | D:3      | Reached skill level 1 in Conjurations
  2399 | D:3      | Reached skill level 1 in Hexes
  2399 | D:3      | Reached skill level 1 in Summonings
  2399 | D:3      | Reached skill level 1 in Necromancy
  2399 | D:3      | Reached skill level 1 in Translocations
  2399 | D:3      | Reached skill level 1 in Transmutations
  2399 | D:3      | Reached skill level 1 in Fire Magic
  2399 | D:3      | Reached skill level 1 in Ice Magic
  2399 | D:3      | Reached skill level 1 in Air Magic
  2399 | D:3      | Reached skill level 1 in Earth Magic
  2399 | D:3      | Reached skill level 1 in Poison Magic
  2635 | D:3      | Reached XP level 5. HP: 41/43 MP: 12/12
  3102 | D:4      | Noticed an ogre
  3103 | D:4      | Noticed an ogre
  3113 | D:4      | Killed an ogre
  3124 | D:4      | Killed an ogre
  3124 | D:4      | Reached XP level 6. HP: 24/50 MP: 14/14
  3129 | D:4      | Reached skill level 5 in Fighting
  3129 | D:4      | Reached skill level 5 in Long Blades
  3129 | D:4      | Reached skill level 5 in Dodging
  3404 | D:4      | Reached XP level 7. HP: 30/56 MP: 15/15
  3864 | D:4      | Found Esemit's Food Boutique.
  4183 | D:5      | Entered Level 5 of the Dungeon
  4206 | D:5      | Reached XP level 8. HP: 63/63 MP: 12/16
  4210 | D:5      | Reached skill level 6 in Charms
  4234 | D:5      | Learned a level 2 spell: Song of Slaying
  4237 | D:5      | Learned a level 2 spell: Shroud of Golubria
  4441 | D:5      | Noticed Menkaure
  4640 | D:5      | HP: 2/63 [Menkaure (9)]
  4648 | D:5      | Killed from afar by Menkaure

Skill      XL: |  1  2  3  4  5  6  7  8 |
---------------+-------------------------+-----
Spellcasting   | 5 |  5.8
Invocations    | 1 2 3 |  3.2
Short Blades   | 1 2 |  2.9
Axes           | 1 2 |  2.9
Maces & Flails | 1 2 |  2.9
Polearms       | 1 2 |  2.9
Staves         | 1 2 |  2.9
Slings         | 1 2 |  2.9
Bows           | 1 2 |  2.9
Crossbows      | 1 2 |  2.9
Throwing       | 1 2 |  2.9
Stealth        | 1 2 |  2.9
Shields        | 1 2 |  2.9
Unarmed Combat | 1 2 |  2.9
Evocations     | 1 2 |  2.9
Conjurations   | 1 2 |  2.3
Hexes          | 1 2 |  2.3
Summonings     | 1 2 |  2.3
Necromancy     | 1 2 |  2.3
Translocations | 1 2 |  2.3
Transmutations | 1 2 |  2.3
Fire Magic     | 1 2 |  2.3
Ice Magic      | 1 2 |  2.3
Air Magic      | 1 2 |  2.3
Earth Magic    | 1 2 |  2.3
Poison Magic   | 1 2 |  2.3
Armour         | 3 4 |  4.0
Fighting       | 5 |  5.5
Long Blades    | 5 |  5.5
Dodging        | 5 |  5.5
Charms         | 6 |  6.0

Action                   |  1- 3 |  4- 6 |  7- 9 || total
-------------------------+-------+-------+-------++-------
Melee: Falchion          |   101 |       |       ||   101
       Bite              |    12 |    14 |    14 ||    40
       Spear             |       |   147 |   142 ||   289
       Punch             |       |       |     3 ||     3
 Cast: Infusion          |     1 |       |     4 ||     5
Evoke: Wand              |       |       |     1 ||     1
  Use: Scroll            |       |     1 |       ||     1
       Potion            |       |       |     1 ||     1
 Stab: Sleeping          |     1 |       |     1 ||     2
  Eat: Chunk             |     2 |     6 |     4 ||    12
Armor: Leather armour    |     6 |       |       ||     6
       Ring mail         |       |    40 |    41 ||    81
       Skin              |       |       |     1 ||     1
Dodge: Dodged            |    65 |    82 |    51 ||   198
       Rpst.: Falchion   |    18 |       |       ||    18
